 Dungeon Crawl Stone Soup version 0.29.1-13-g9f3cf754e1 (webtiles) character file.

Game seed: 1614200514975855694

71 javelincjr the Magician (level 4, -2/31 HPs)
             Began as a Djinni Hedge Wizard on Feb 7, 2023.
             Was a Follower of Ru.
             Slain by an orc
             ... wielding a +0 dagger
              (4 damage)
             ... on level 4 of the Dungeon.
             The game lasted 00:08:51 (1930 turns).

javelincjr the Magician (Djinni Hedge Wizard)       Turns: 1930, Time: 00:08:52

Health: -2/31      AC:  2    Str:  9    XL:     4   Next: 47%
Gold:   91         EV: 12    Int: 17    God:    Ru [*.....] SH:  0 Dex: 13

rFire   + + .      SeeInvis .   a - +0 dagger
rCold   x . .      Faith    .   (no shield)
rNeg    . . .      Spirit   .   b - +0 robe
rPois   ∞          Reflect  .   c - +0 hat
rElec   .          Harm     .   (no cloak)
rCorr   .          Rampage  .   (no gloves)
Will    .....                   (boots unavailable)
Stlth   ++........              (no amulet)
HPRegen 0.10/turn               (no ring)
MPRegen 0.00/turn               (no ring)

@: flying, unable to drink
A: sickness immunity, fire resistance 2, cold vulnerability 1, inability to
drink after injury 2, float, innate caster, HP casting, extra vitality 1
a: Renounce Religion


You were on level 4 of the Dungeon.
You worshipped Ru.
Ru was aware of your devotion.
You visited 1 branch of the dungeon, and saw 3 of its levels.

You collected 91 gold pieces.

Inventory:

Hand Weapons
 a - a +0 dagger (weapon)
Missiles
 f - 6 poisoned darts
Armour
 b - a +0 robe (worn)
 c - a +0 hat (worn)
 j - a +0 kite shield
Scrolls
 i - 4 scrolls of identify {unknown}
Potions
 d - a potion of might {unknown}
 e - a potion of curing {unknown}
 g - 2 potions of attraction {unknown}
 h - a potion of ambrosia {unknown}
 k - a potion of invisibility {unknown}
 l - a potion of mutation {unknown}
 m - a potion of magic {unknown}


   Skills:
 + Level 2.5 Dodging
 + Level 2.0 Stealth
 + Level 3.6 Spellcasting


You couldn't memorise any spells.
You knew the following spells:

 Your Spells              Type           Power      Damage    Failure   Level
a - Magic Dart            Conj           60%        1d6       3%          1
b - Blink                 Tloc           30%        N/A       5%          2
c - Call Imp              Summ           15%        N/A       5%          2
d - Slow                  Hex            60%        N/A       3%          1
e - Conjure Flame         Conj/Fire      15%        6-21      11%         3
f - Mephitic Cloud        Conj/Pois/Air  15%        N/A       11%         3
g - Summon Small Mammal   Summ           60%        N/A       3%          1
Your spell library was empty.

Dungeon Overview and Level Annotations

Branches:
Dungeon (2/15)

Altars:
Gozag
Hepliaklqana
Ru


Innate Abilities, Weirdness & Mutations

You are immune to sickness and miasma.
You are immune to poison.
Your flesh is very heat resistant. (rF++)
You are vulnerable to cold. (rC-)
You sometimes lose the ability to drink potions when taking damage.
You float through the air rather than walking.
You learn spells naturally, not from books.
Your magical power is your life essence.
You have superior vitality. (+4 MHP)


Message History

Found a robe.
You can't see any susceptible monsters within range! (Use Z to cast anyway.)
A sourceless malevolence fills the Dungeon...
You are sucked into a shaft and drop 2 floors!
The shaft crumbles and collapses.
Found four items.
i - 4 scrolls labelled QOAXZU RIHUUBODILI (gained 1)
An orc and a giant cockroach come into view.
An orc priest comes into view. It is wielding a +0 club.
Found a stone staircase leading up.
The orc priest calls down the wrath of Beogh upon you.
Beogh smites you!
An endoplasm comes into view.
You redirect the orc priest's attack!
The orc priest invokes the aid of Beogh against itself.
The orc priest writhes in agony!
The magic dart hits the giant cockroach.
You kill the giant cockroach!
The magic dart hits the endoplasm.
The endoplasm is lightly wounded.
The endoplasm quivers.
The magic dart hits the endoplasm.
The endoplasm is heavily wounded.
An orc comes into view. It is wielding a +0 mace.
You are too injured to fight recklessly!
You are too injured to fight recklessly!
Found an opulent altar of Gozag.
There is an opulent altar of Gozag here.
The orc priest mumbles some strange prayers to Beogh against you.
Beogh smites you!
You feel threatened and lose the ability to drink potions!
* * * LOW HITPOINT WARNING * * *
You can drink potions again.
An orc comes into view. It is wielding a +0 dagger.
The orc priest begins to pray, but is stunned by your conviction!
Found 5 javelins.
The orc shouts!
The orc hits you with a +0 dagger.
You feel threatened and lose the ability to drink potions!
You die...

.##### #....# #....#
..# #....# ####...#
#..(.# ..##......##
#....#
.......#..####....#
.[....#(.o$..o@..#
.....#........o..## ##
#.#..............##
#..#.#............J..#
..........###.###....#
.......†.##.....##...#
.....#...#.8...8.#...#
.....#...#.......#o..#
...........o._.......#


You could see an orc priest, 3 orcs and an endoplasm.

Vanquished Creatures
  2 adders (D:2)
  A gnoll (D:1)
  A worm (D:2)
  An endoplasm (D:1)
  4 giant cockroaches
  5 goblins
  2 hobgoblins (D:2)
  6 kobolds
  6 ball pythons
  3 bats
  6 frilled lizards
  5 rats
42 creatures vanquished.

Notes
Turn   | Place    | Note
-------+----------+-------------------------------------------
     0 | D:1      | javelincjr the Djinni Hedge Wizard began the quest for the
                  | Orb.
     0 | D:1      | javelincjr set off with the following spells memorised:
                  | Magic Dart, Blink, Call Imp, Slow, Conjure Flame, Mephitic
                  | Cloud.
     0 | D:1      | Reached XP level 1. HP: 15/15 MP: 0/0
   371 | D:1      | Reached XP level 2. HP: 18/21 MP: 0/0
   567 | D:1      | Reached skill level 3 in Spellcasting
   607 | D:1      | Reached XP level 3. HP: 18/25 MP: 0/0
   607 | D:1      | Learned a level 1 spell: Summon Small Mammal
   840 | D:1      | Found a faded altar of an unknown god.
   847 | D:1      | Prayed at the altar of an unknown god.
   847 | D:1      | Became a worshipper of Ru the Awakened
   848 | D:1      | Gained mutation: You occasionally lose the ability to drink
                  | potions when taking damage. [Ru sacrifice]
   848 | D:1      | Gained mutation: You sometimes lose the ability to drink
                  | potions when taking damage. [Ru sacrifice]
   848 | D:1      | Reached * piety under Ru
  1362 | D:2      | Reached XP level 4. HP: 19/31 MP: 0/0
  1561 | D:2      | Found a hazy altar of Hepliaklqana.
  1902 | D:2      | You are sucked into a shaft and drop 2 floors!
  1913 | D:4      | Found an opulent altar of Gozag.
  1919 | D:4      | HP: 1/31 [orc priest/divine providence (15)]
  1930 | D:4      | Slain by an orc

Illustrated notes

Levels and vault maps discovered:
D:1:      lemuel_arrival_behind_the_door_large, layout_rooms,
          hellmonk_ecumenical_altar_run_dry
D:2:      layout_loops_ring, basic_altar
D:4:      layout_rooms, grunt_gozag_statues, trog_hazing_becter,
          amcnicky_mini_pool_small

Skill      XL: |  1  2  3 |
---------------+----------+-----
Spellcasting   | 3 |  3.6
Stealth        | 2 |  2.0
Dodging        | |  2.5

Action                   |  1- 3 |  4- 6 || total
-------------------------+-------+-------++-------
 Cast: Magic Dart        |    68 |    25 ||    93
Invok: Sacrifice Drink   |     1 |       ||     1
Armor: Robe              |     2 |       ||     2
Dodge: Dodged            |     4 |     2 ||     6
